[Event "FIDE Online Olympiad Div 2 Pool A 2020"]
[Site "Online"]
[Date "2020.08.15"]
[Round "1"]
[White "Wagner, Dennis"]
[Black "Reefat, Bin-Sattar"]
[Result "1/2-1/2"]
[ECO "D17"]
[WhiteElo "2178"]
[BlackElo "1975"]
[Annotator "broadcasts"]
[PlyCount "80"]
[EventDate "2020.08.14"]
[EventType "team-tourn"]
[TimeControl "900+5"]

1. d4 d5 2. c4 c6 3. Nf3 Nf6 4. Nc3 dxc4 5. a4 Bf5 6. Ne5 Nbd7 7. Nxc4 Nb6 8. Ne5 a5 9. h4 h6 10. f3 Nfd7 11. Nxd7 Nxd7 12. e4 Bh7 13. Bc4 Qb6 14. Qb3 Qxb3 15. Bxb3 e5 16. dxe5 Nxe5 17. Ke2 Bc5 18. Bf4 f6 19. h5 Bg8 20. Bxg8 Rxg8 21. Rad1 Ke7 22. b3 Rgd8 23. Be3 Bxe3 24. Kxe3 Nd7 25. Ne2 Nc5 26. Nd4 Kf7 27. Rd2 Rd6 28. Rhd1 Kf8 29. g4 Re8 30. Nf5 Rde6 31. Rc2 b6 32. Rc3 Rc8 33. Rd6 Rc7 34. Rd8+ Kf7 35. Rb8 Nd7 36. Ra8 Nc5 37. Rb8 Nd7 38. Ra8 Nc5 39. Rc1 Rd7 40. Rc3 Rc7 1/2-1/2

[Event "FIDE Online Olympiad Div 2 Pool A 2020"]
[Site "Online"]
[Date "2020.08.15"]
[Round "1"]
[White "Schulze, Lara"]
[Black "Hamid, Rani"]
[Result "1-0"]
[ECO "B54"]
[WhiteElo "2070"]
[BlackElo "1692"]
[Annotator "broadcasts"]
[PlyCount "85"]
[EventDate "2020.08.14"]
[EventType "team-tourn"]
[TimeControl "900+5"]

1. e4 c5 2. Nf3 e6 3. d4 cxd4 4. Nxd4 a6 5. c4 Nf6 6. Nc3 d6 7. Be2 Be7 8. O-O O-O 9. Be3 Nc6 10. a3 Bd7 11. b4 Nxd4 12. Qxd4 e5 13. Qd3 Be6 14. Rac1 Rc8 15. Nd5 Bxd5 16. exd5 Qd7 17. f3 Nh5 18. Qd2 f5 19. c5 f4 20. Bf2 Nf6 21. c6 bxc6 22. Bxa6 Nxd5 23. Bxc8 Rxc8 24. b5 Nf6 25. bxc6 Rxc6 26. Rxc6 Qxc6 27. Rc1 Qa6 28. Qb4 h6 29. h4 Kf8 30. a4 Qd3 31. Qc4 Qa3 32. Rb1 d5 33. Qc8+ Kf7 34. Rb7 d4 35. Qc4+ Kg6 36. Qc2+ d3 37. Qd1 Nd5 38. Rb3 Qd6 39. Rxd3 Bxh4 40. Rxd5 Bxf2+ 41. Kxf2 Qb6+ 42. Kf1 Qa6+ 43. Qd3+ 1-0

[Event "FIDE Online Olympiad Div 2 Pool A 2020"]
[Site "Online"]
[Date "2020.08.15"]
[Round "1"]
[White "Sultana Sharmin, Shirin"]
[Black "Osmanodja, Filiz"]
[Result "0-1"]
[ECO "E12"]
[WhiteElo "1956"]
[BlackElo "2168"]
[Annotator "broadcasts"]
[PlyCount "70"]
[EventDate "2020.08.14"]
[EventType "team-tourn"]
[TimeControl "900+5"]

1. d4 Nf6 2. c4 e6 3. Nc3 Bb4 4. Nf3 b6 5. Bg5 Bb7 6. e3 Bxc3+ 7. bxc3 d6 8. Be2 Nbd7 9. Qc2 Nf8 10. c5 Ng6 11. cxd6 cxd6 12. Qa4+ Kf8 13. Qa3 h6 14. Bxf6 gxf6 15. c4 Kg7 16. O-O Kh7 17. Rfd1 Rg8 18. d5 e5 19. Qd3 Bc8 20. Nh4 Kh8 21. Nxg6+ Rxg6 22. Bh5 Rg7 23. f4 f5 24. fxe5 dxe5 25. e4 Qg5 26. Bf3 fxe4 27. Qxe4 Bh3 28. Qe2 Rag8 29. Rd2 f5 30. Kh1 e4 31. Bxe4 fxe4 32. Rf1 e3 33. Rc2 Bxg2+ 34. Qxg2 Qxg2+ 35. Rxg2 Rxg2 0-1

[Event "FIDE Online Olympiad Div 2 Pool A 2020"]
[Site "Online"]
[Date "2020.08.15"]
[Round "1"]
[White "Ahmed, Walijah"]
[Black "Schneider, Jana"]
[Result "0-1"]
[ECO "C77"]
[WhiteElo "1642"]
[BlackElo "2305"]
[Annotator "broadcasts"]
[PlyCount "128"]
[EventDate "2020.08.14"]
[EventType "team-tourn"]
[TimeControl "900+5"]

1. e4 e5 2. Nf3 Nc6 3. Bb5 a6 4. Ba4 Nf6 5. O-O b5 6. Bb3 Bc5 7. Nc3 d6 8. Nd5 Na5 9. d4 Nxb3 10. axb3 exd4 11. Nxd4 Nxd5 12. exd5 O-O 13. c3 Qh4 14. Nf3 Qh5 15. b4 Bb6 16. Re1 Bb7 17. Be3 Bxe3 18. Rxe3 Bxd5 19. Nd4 Qxd1+ 20. Rxd1 Rae8 21. Rde1 Rxe3 22. Rxe3 Bb7 23. Re7 Rc8 24. f3 Kf8 25. Re1 Re8 26. Kf2 Rxe1 27. Kxe1 Ke7 28. Ke2 Kf6 29. Ke3 Bd5 30. h4 c5 31. Ne2 Bc6 32. Nf4 Ke5 33. Nd3+ Kd5 34. b3 Bb7 35. Nf4+ Kc6 36. Nh5 g6 37. Nf6 h5 38. Ne4 Kc7 39. Ng5 Bd5 40. bxc5 dxc5 41. b4 cxb4 42. cxb4 Kb6 43. Kd4 Bc4 44. Ne4 a5 45. bxa5+ Kxa5 46. Kc3 Ka4 47. Nd6 Ka3 48. Nxc4+ bxc4 49. Kxc4 Kb2 50. g4 Kc2 51. Kd4 Kd2 52. Ke4 Ke2 53. Kf4 f6 54. g5 f5 55. Kg3 Ke3 56. Kg2 f4 57. Kh3 Kxf3 58. Kh2 Ke2 59. Kg1 f3 60. Kh2 f2 61. Kg3 f1=Q 62. Kh2 Qf4+ 63. Kg2 Qg4+ 64. Kh2 Kf2 0-1

[Event "FIDE Online Olympiad Div 2 Pool A 2020"]
[Site "Online"]
[Date "2020.08.15"]
[Round "2"]
[White "Fridman, Daniel"]
[Black "Atabayev, Saparmyrat"]
[Result "1/2-1/2"]
[ECO "E11"]
[WhiteElo "2551"]
[BlackElo "2386"]
[Annotator "broadcasts RC"]
[PlyCount "117"]
[EventDate "2020.08.14"]
[EventType "team-tourn"]
[TimeControl "900+5"]

1. d4 d5 2. Nf3 Nf6 3. c4 e6 4. g3 Bb4+ 5. Bd2 Be7 6. Bg2 O-O 7. O-O dxc4 8. Qc2 a6 9. a4 Bd7 10. Ne5 Bc6 11. Nxc6 Nxc6 12. e3 a5 13. Bxc6 bxc6 14. Qxc4 Qb8 15. Qc2 Qb7 16. Na3 Bxa3 17. Rxa3 Rfb8 18. Rb1 Ra6 19. Rc3 Nd7 20. Rc4 c5 21. Bc3 cxd4 22. Bxd4 c5 23. Bc3 Rd6 24. Rd1 Rxd1+ 25. Qxd1 Qd5 26. Qe2 Ne5 27. Bxe5 Qxe5 28. Qc2 Rc8 29. Qd2 Qc7 30. Qc3 h5 31. h4 Qb6 32. g4 Qd8 33. gxh5 Qd1+ 34. Kg2 Qxh5 35. Qd3 Qd5+ 36. Qxd5 exd5 37. Rc3 c4 38. b3 Kh7 39. Kf3 Kg6 40. Kf4 Rb8 41. bxc4 Rb4 42. e4 dxc4 43. Rg3+ Kh6 44. Ke5 Rxa4 45. Kd5 Ra2 46. f4 Rf2 47. f5 Rf4 48. Rc3 Rxh4 49. Rxc4 g5 50. fxg6 Kxg6 51. Rc6+ Kg7 52. Ra6 f6 53. e5 fxe5 54. Kxe5 Kf7 55. Kd5 Ke7 56. Kc5 a4 57. Kb5 Kd7 58. Rxa4 Rxa4 59. Kxa4 1/2-1/2

[Event "FIDE Online Olympiad Div 2 Pool A 2020"]
[Site "Online"]
[Date "2020.08.15"]
[Round "2"]
[White "Atabayev, Yusup"]
[Black "Wagner, Dennis"]
[Result "0-1"]
[ECO "C44"]
[WhiteElo "2337"]
[BlackElo "2227"]
[Annotator "broadcasts"]
[PlyCount "102"]
[EventDate "2020.08.14"]
[EventType "team-tourn"]
[TimeControl "900+5"]

1. e4 e5 2. Nf3 Nc6 3. d4 exd4 4. Bc4 Bc5 5. O-O d6 6. c3 Bg4 7. Qb3 Bxf3 8. Bxf7+ Kf8 9. gxf3 dxc3 10. Bxg8 Rxg8 11. Nxc3 Nd4 12. Qd1 Qf6 13. f4 g5 14. Qh5 gxf4+ 15. Kh1 Qg7 16. Qh3 Qg4 17. Qxg4 Rxg4 18. Nd5 Ne6 19. f3 Rh4 20. Bd2 Kf7 21. Be1 Rh5 22. Bd2 Rh4 23. Be1 Rh5 24. Bd2 Rg8 25. Nxf4 Nxf4 26. Bxf4 a5 27. Rae1 a4 28. Be3 Bxe3 29. Rxe3 Rc5 30. Re2 Rc4 31. a3 b5 32. Rg1 Rxg1+ 33. Kxg1 c5 34. Kf2 b4 35. axb4 cxb4 36. Ke3 a3 37. bxa3 bxa3 38. Ra2 Ra4 39. f4 Ke6 40. Kf3 d5 41. exd5+ Kxd5 42. Kg4 Kc4 43. Kg5 Kb3 44. Ra1 Kb2 45. Rf1 a2 46. f5 a1=Q 47. Rxa1 Rxa1 48. h4 Kc3 49. Kf6 Kd4 50. Ke6 Ra6+ 51. Kf7 Ke5 0-1

[Event "FIDE Online Olympiad Div 2 Pool A 2020"]
[Site "Online"]
[Date "2020.08.15"]
[Round "2"]
[White "Schneider, Jana"]
[Black "Mekanova, Annagozel"]
[Result "1-0"]
[ECO "B12"]
[WhiteElo "2313"]
[BlackElo "1772"]
[Annotator "broadcasts"]
[PlyCount "87"]
[EventDate "2020.08.14"]
[EventType "team-tourn"]
[TimeControl "900+5"]

1. e4 c6 2. d4 d5 3. e5 Bf5 4. h4 h6 5. g4 Be4 6. f3 Bh7 7. e6 Qd6 8. exf7+ Kxf7 9. f4 e6 10. Nf3 Nd7 11. Ne5+ Ke8 12. Bd3 Bxd3 13. Qxd3 Nxe5 14. fxe5 Qb4+ 15. Nc3 Ne7 16. Rf1 Kd7 17. Bd2 Qc4 18. Qxc4 dxc4 19. Ne4 b6 20. Rf7 c5 21. dxc5 Kc6 22. cxb6 axb6 23. Bb4 Ng6 24. Bd6 Nxh4 25. O-O-O Rd8 26. Rc7+ Kb5 27. Nc3+ Ka6 28. a4 Bxd6 29. exd6 Nf3 30. Nb5 Ka5 31. d7 Ne5 32. Ra7+ Kb4 33. c3+ Kb3 34. Nd4+ Ka2 35. Nxe6 Nxg4 36. Nxd8 Rxd8 37. Re1 Nf6 38. Re7 g5 39. a5 b5 40. a6 g4 41. Rb7 g3 42. Rxb5 Rg8 43. Kc2 g2 44. Ra5# 1-0

[Event "FIDE Online Olympiad Div 2 Pool A 2020"]
[Site "Online"]
[Date "2020.08.14"]
[Round "2"]
[White "Hamonde"]
[Black "garcho08"]
[Result "1/2-1/2"]
[ECO "A11"]
[WhiteElo "2310"]
[BlackElo "1469"]
[Annotator "NA RC"]
[PlyCount "42"]
[EventDate "2020.08.14"]
[EventType "team-tourn"]
[TimeControl "900+5"]

1. Nf3 Nf6 2. g3 d5 3. Bg2 c6 4. O-O Bf5 5. c4 e6 6. cxd5 exd5 7. d3 Be7 8. Qb3 Qb6 9. Qc2 O-O 10. Nc3 Nbd7 11. e4 Bg6 12. Nh4 dxe4 13. dxe4 Rfe8 14. Bf4 Nf8 15. Rad1 Rad8 16. Be3 Qa5 17. Nxg6 hxg6 18. a3 Ne6 19. h3 Rxd1 20. Rxd1 Rd8 21. Rxd8+ Bxd8 1/2-1/2

[Event "FIDE Online Olympiad Div 2 Pool A 2020"]
[Site "Online"]
[Date "2020.08.15"]
[Round "2"]
[White "Osmanodja, Filiz"]
[Black "Hallaeva, Bahar"]
[Result "1-0"]
[ECO "C67"]
[WhiteElo "2253"]
[BlackElo "2010"]
[Annotator "broadcasts"]
[PlyCount "39"]
[EventDate "2020.08.14"]
[EventType "team-tourn"]
[TimeControl "900+5"]

1. e4 e5 2. Nf3 Nc6 3. Bb5 Nf6 4. O-O Nxe4 5. Re1 Nd6 6. a4 Be7 7. Nc3 O-O 8. d4 Nxd4 9. Nxd4 exd4 10. Nd5 Bf6 11. Bd3 Ne8 12. Qh5 g6 13. Qf3 Bg7 14. Ne7+ Kh8 15. Bg5 f6 16. Nxg6+ hxg6 17. Qh3+ Kg8 18. Bxg6 Rf7 19. Qh7+ Kf8 20. Bh6 1-0

[Event "FIDE Online Olympiad Div 2 Pool A 2020"]
[Site "Online"]
[Date "2020.08.15"]
[Round "2"]
[White "Nurmamedov, Azat"]
[Black "Engel, Luis"]
[Result "1-0"]
[ECO "E05"]
[WhiteElo "2238"]
[BlackElo "2153"]
[Annotator "broadcasts"]
[PlyCount "103"]
[EventDate "2020.08.14"]
[EventType "team-tourn"]
[TimeControl "900+5"]

1. Nf3 Nf6 2. g3 d5 3. Bg2 e6 4. O-O Be7 5. d4 O-O 6. c4 dxc4 7. Qc2 a6 8. a4 Bd7 9. Rd1 Bc6 10. Nc3 Bxf3 11. Bxf3 Nc6 12. Bxc6 bxc6 13. a5 Nd5 14. Na4 Qb8 15. e4 Nb4 16. Qxc4 Qb5 17. Qc3 f5 18. Qb3 fxe4 19. Qxe6+ Rf7 20. Nc3 Qh5 21. Qxe4 Raf8 22. Be3 Bg5 23. Qe5 Rf5 24. Qe6+ Kh8 25. Rd2 Bxe3 26. Qxe3 Re8 27. Ne4 Nd5 28. Qd3 Qg6 29. Kh1 Rh5 30. Nc3 Qh6 31. f4 Nf6 32. Qf3 Qg6 33. Rg1 Ng4 34. h4 Re3 35. Qg2 Qf6 36. Rf1 Rxh4+ 37. gxh4 Qxh4+ 38. Kg1 Rg3 39. Qxg3 Qxg3+ 40. Kh1 Qh3+ 41. Kg1 Qe3+ 42. Rff2 Nxf2 43. Rxf2 Qxd4 44. Kg2 h5 45. Re2 Kh7 46. Kf3 Qd3+ 47. Re3 Qf1+ 48. Kg3 Qg1+ 49. Kf3 h4 50. Ne2 h3 51. Nxg1 h2 52. Kg2 1-0

[Event "FIDE Online Olympiad Div 2 Pool A 2020"]
[Site "Online"]
[Date "2020.08.15"]
[Round "3"]
[White "Barcenilla, Rogelio"]
[Black "Fridman, Daniel"]
[Result "0-1"]
[ECO "A09"]
[WhiteElo "2325"]
[BlackElo "2577"]
[Annotator "broadcasts RC"]
[PlyCount "112"]
[EventDate "2020.08.14"]
[EventType "team-tourn"]
[TimeControl "900+5"]

1. c4 e6 2. Nf3 d5 3. g3 Nf6 4. Bg2 d4 5. O-O c5 6. d3 Nc6 7. Na3 Bd6 8. Nc2 O-O 9. e4 e5 10. h3 Bd7 11. a3 a6 12. Nd2 Qc7 13. Ne1 b5 14. Nef3 Rfe8 15. Nh2 Qc8 16. h4 g6 17. b3 Rb8 18. Ra2 Na5 19. Bf3 h5 20. Rb2 bxc4 21. dxc4 Rb6 22. Qc2 Qb7 23. Qd3 Rb8 24. Bd1 Ba4 25. f4 Bxb3 26. fxe5 Bxe5 27. Nxb3 Nxb3 28. Bf4 Nd7 29. Rbf2 Na5 30. Nf3 Nc6 31. Rg2 Qc7 32. Nd2 Bd6 33. Bxd6 Qxd6 34. g4 hxg4 35. Bxg4 Nce5 36. Qh3 Nf6 37. Bd1 Kg7 38. Rg5 Qe7 39. Qg3 Re6 40. h5 Rh8 41. Rff5 Nfd7 42. Ba4 Rh6 43. Bxd7 Nxd7 44. hxg6 Rhxg6 45. Nf3 Rxe4 46. Rxg6+ fxg6 47. Rg5 Nf8 48. Rd5 Re2 49. Ng5 Qe3+ 50. Qxe3 Rxe3 51. Rxc5 d3 52. Rd5 d2 53. Kf2 Re5 54. Rxd2 Rxg5 55. Rd6 Ra5 56. Ke3 Kf7 0-1

[Event "FIDE Online Olympiad Div 2 Pool A 2020"]
[Site "Online"]
[Date "2020.08.15"]
[Round "3"]
[White "Wagner, Dennis"]
[Black "Paragua, Mark"]
[Result "1-0"]
[ECO "E94"]
[WhiteElo "2259"]
[BlackElo "2188"]
[Annotator "broadcasts"]
[PlyCount "81"]
[EventDate "2020.08.14"]
[EventType "team-tourn"]
[TimeControl "900+5"]

1. d4 Nf6 2. c4 g6 3. Nc3 Bg7 4. e4 d6 5. Nf3 O-O 6. Be2 e5 7. O-O exd4 8. Nxd4 Re8 9. f3 c6 10. Kh1 Nbd7 11. Bf4 Nh5 12. Bxd6 Ne5 13. c5 Bh6 14. g3 Bh3 15. f4 Bxf1 16. Qxf1 Nd7 17. Bxh5 gxh5 18. Qh3 Bf8 19. Qxh5 Bxd6 20. cxd6 Qf6 21. e5 Nxe5 22. fxe5 Rxe5 23. Qg4+ Kh8 24. d7 Rd8 25. Rd1 Re7 26. Nf3 Qg6 27. Qd4+ Kg8 28. Ne5 Qh5 29. Ng4 Qg6 30. Nf6+ Kf8 31. Nce4 h5 32. Rf1 Re6 33. Rf4 b6 34. b4 Re7 35. Qd6 c5 36. bxc5 bxc5 37. Nxc5 Qb1+ 38. Kg2 Qc2+ 39. Rf2 Qg6 40. Ne6+ fxe6 41. Nd5+ 1-0

[Event "FIDE Online Olympiad Div 2 Pool A 2020"]
[Site "Online"]
[Date "2020.08.15"]
[Round "3"]
[White "Schulze, Lara"]
[Black "Frayna, Janelle Mae"]
[Result "1-0"]
[ECO "B04"]
[WhiteElo "2110"]
[BlackElo "2025"]
[Annotator "broadcasts"]
[PlyCount "57"]
[EventDate "2020.08.14"]
[EventType "team-tourn"]
[TimeControl "900+5"]

1. e4 Nf6 2. e5 Nd5 3. d4 d6 4. Nf3 g6 5. Bc4 Nb6 6. Bb3 Bg7 7. O-O O-O 8. a4 a5 9. Nc3 Nc6 10. exd6 cxd6 11. h3 Bf5 12. Re1 e5 13. Bg5 Qc8 14. Nb5 Nxd4 15. Nfxd4 exd4 16. Be7 d5 17. Bxf8 Qxf8 18. Nxd4 Bd7 19. c3 h5 20. Qf3 Qc5 21. Qd3 Rd8 22. Bc2 Qd6 23. Nb5 Qf8 24. Bb3 Bc6 25. Rad1 Nd7 26. Bxd5 Ne5 27. Rxe5 Bxe5 28. Qxg6+ Bg7 29. Bxf7+ 1-0

[Event "FIDE Online Olympiad Div 2 Pool A 2020"]
[Site "Online"]
[Date "2020.08.15"]
[Round "3"]
[White "Mordido, Kylen Joy"]
[Black "Muetsch, Annmarie"]
[Result "0-1"]
[ECO "A65"]
[WhiteElo "1980"]
[BlackElo "2298"]
[Annotator "broadcasts"]
[PlyCount "82"]
[EventDate "2020.08.14"]
[EventType "team-tourn"]
[TimeControl "900+5"]

1. c4 Nf6 2. d4 g6 3. Nc3 Bg7 4. e4 d6 5. f3 O-O 6. Bg5 c5 7. d5 e6 8. Qd2 exd5 9. cxd5 h6 10. Be3 a6 11. a4 Nbd7 12. Nh3 Ne5 13. Nf2 Kh7 14. Be2 b6 15. O-O Rb8 16. h3 Ne8 17. Qc2 f5 18. f4 Nf7 19. Bd3 Qf6 20. Rae1 Nc7 21. exf5 gxf5 22. Ng4 Qg6 23. Bf2 h5 24. Nh2 Bf6 25. Nf3 Rg8 26. Bh4 b5 27. Re6 Bxe6 28. dxe6 Nh6 29. Ng5+ Bxg5 30. fxg5 c4 31. Be2 Nxe6 32. Ne4 Nd4 33. Qd1 Nxe2+ 34. Qxe2 Rbe8 35. gxh6 Rxe4 36. Qf2 Rxh4 37. Kh2 Rf4 38. Qa7+ Kh8 39. Qg7+ Rxg7 40. hxg7+ Qxg7 41. Rxf4 Qe5 0-1

[Event "FIDE Online Olympiad Div 2 Pool A 2020"]
[Site "Online"]
[Date "2020.08.15"]
[Round "3"]
[White "Fronda, Jan Jodilyn"]
[Black "Osmanodja, Filiz"]
[Result "0-1"]
[ECO "B53"]
[WhiteElo "1850"]
[BlackElo "2286"]
[Annotator "broadcasts"]
[PlyCount "94"]
[EventDate "2020.08.14"]
[EventType "team-tourn"]
[TimeControl "900+5"]

1. e4 c5 2. Nf3 Nc6 3. Bb5 d6 4. d4 cxd4 5. Qxd4 Bd7 6. Bxc6 Bxc6 7. Nc3 Nf6 8. Bg5 e6 9. O-O-O Be7 10. e5 dxe5 11. Qxe5 Qb8 12. Qxb8+ Rxb8 13. Ne5 Bxg2 14. Rhg1 Bc6 15. Be3 O-O 16. Bxa7 Ra8 17. Bd4 g6 18. Kb1 Be8 19. Be3 Ra5 20. Nc4 Rh5 21. Bf4 Rh4 22. Bd6 Bxd6 23. Nxd6 Bc6 24. a3 Rxh2 25. Rd2 h5 26. b4 h4 27. b5 Bf3 28. Rd4 e5 29. Rc4 h3 30. Rh4 Rd8 31. Nc4 Rd4 32. Nxe5 Rxh4 33. Nxf3 Rg2 34. Rh1 h2 35. Kb2 Rh3 36. Nxh2 Rhxh2 37. Rc1 Rxf2 38. a4 Rf4 39. Kb3 Rh3 40. Rd1 Rff3 41. Rd3 Rxd3 42. cxd3 Rxd3 43. a5 Ne4 44. Kc4 Rxc3+ 45. Kd4 f5 46. a6 bxa6 47. bxa6 Ra3 0-1

[Event "FIDE Online Olympiad Div 2 Pool A 2020"]
[Site "Online"]
[Date "2020.08.15"]
[Round "4"]
[White "Bluebaum, Matthias"]
[Black "Firman Syah, Farid"]
[Result "1-0"]
[ECO "E51"]
[WhiteElo "2562"]
[BlackElo "2283"]
[Annotator "broadcasts"]
[PlyCount "63"]
[EventDate "2020.08.14"]
[EventType "team-tourn"]
[TimeControl "900+5"]

1. d4 Nf6 2. c4 e6 3. Nc3 Bb4 4. e3 d5 5. Bd2 O-O 6. Nf3 b6 7. cxd5 exd5 8. Bd3 c5 9. h3 Nc6 10. a3 Ba5 11. O-O Bb7 12. Rc1 Bxc3 13. Bxc3 c4 14. Bc2 b5 15. Ne5 a5 16. f3 Qb6 17. Nxc6 Bxc6 18. Qd2 Rfb8 19. b4 cxb3 20. Bxb3 b4 21. axb4 axb4 22. Bb2 Ba4 23. Qc2 Bxb3 24. Qxb3 h6 25. e4 Re8 26. Rce1 dxe4 27. fxe4 Rad8 28. Qf3 Re7 29. Kh1 Rxd4 30. e5 Nd5 31. Bxd4 Qxd4 32. Rd1 1-0

[Event "FIDE Online Olympiad Div 2 Pool A 2020"]
[Site "Online"]
[Date "2020.08.15"]
[Round "4"]
[White "Sukandar, Irine Kharisma"]
[Black "Schulze, Lara"]
[Result "1-0"]
[ECO "B53"]
[WhiteElo "2492"]
[BlackElo "2074"]
[Annotator "broadcasts"]
[PlyCount "93"]
[EventDate "2020.08.14"]
[EventType "team-tourn"]
[TimeControl "900+5"]

1. e4 c5 2. Nf3 Nc6 3. Bb5 d6 4. d4 cxd4 5. Qxd4 Bd7 6. Qd3 Nf6 7. c4 e6 8. Nc3 Be7 9. O-O O-O 10. h3 Rc8 11. Be3 a6 12. Bxc6 Bxc6 13. Nd4 Qc7 14. Rac1 Rfd8 15. Nd5 Bxd5 16. cxd5 Qd7 17. dxe6 fxe6 18. Qb3 d5 19. exd5 exd5 20. Qb6 Bd6 21. Bg5 Rxc1 22. Rxc1 Rf8 23. Qb3 Bb8 24. Bxf6 Rxf6 25. Rc5 Rd6 26. Qc3 Rf6 27. Qb3 Rd6 28. Qc2 Rf6 29. Rc8+ Rf8 30. Rxf8+ Kxf8 31. Qxh7 Be5 32. Qh8+ Ke7 33. Qh4+ Bf6 34. Qf4 Qc8 35. Nf5+ Kf8 36. Qd6+ Ke8 37. Qxd5 Qc1+ 38. Kh2 Qf4+ 39. Ng3 Qxf2 40. Qxb7 Bd4 41. Qe4+ Kd8 42. Nf5 Qg1+ 43. Kg3 Bf2+ 44. Kf3 Bb6 45. Qe7+ Kc8 46. Nd6+ Kb8 47. Qb7# 1-0

[Event "FIDE Online Olympiad Div 2 Pool A 2020"]
[Site "Online"]
[Date "2020.08.15"]
[Round "4"]
[White "Muetsch, Annmarie"]
[Black "Fisabilillah, Ummi"]
[Result "1-0"]
[ECO "C07"]
[WhiteElo "2336"]
[BlackElo "1904"]
[Annotator "broadcasts"]
[PlyCount "73"]
[EventDate "2020.08.14"]
[EventType "team-tourn"]
[TimeControl "900+5"]

1. e4 e6 2. d4 d5 3. Nd2 c5 4. exd5 Qxd5 5. Ngf3 cxd4 6. Bc4 Qd6 7. O-O Nf6 8. Nb3 Nc6 9. Nbxd4 Nxd4 10. Nxd4 Bd7 11. c3 a6 12. Qf3 Qc7 13. Bb3 Bd6 14. h3 O-O 15. Bg5 Be5 16. Rad1 h6 17. Bh4 Rac8 18. Rfe1 Rfe8 19. Qe2 Bd6 20. Bxf6 gxf6 21. Qh5 Kg7 22. Nf5+ exf5 23. Qxf7+ Kh8 24. Qxf6+ Kh7 25. Qf7+ Kh8 26. Rxe8+ Rxe8 27. Qf6+ Kh7 28. Bf7 Bh2+ 29. Kh1 Rg8 30. Bxg8+ Kxg8 31. Qg6+ Kf8 32. Qxh6+ Kf7 33. Qh7+ Ke8 34. Qxd7+ Qxd7 35. Rxd7 Kxd7 36. Kxh2 Ke6 37. Kg3 1-0

[Event "FIDE Online Olympiad Div 2 Pool A 2020"]
[Site "Online"]
[Date "2020.08.15"]
[Round "4"]
[White "Osmanodja, Filiz"]
[Black "Sihite Chelsie, Monica Ignesias"]
[Result "0-1"]
[ECO "C97"]
[WhiteElo "2093"]
[BlackElo "1872"]
[Annotator "broadcasts"]
[PlyCount "132"]
[EventDate "2020.08.14"]
[EventType "team-tourn"]
[TimeControl "900+5"]

1. e4 e5 2. Nf3 Nc6 3. Bb5 a6 4. Ba4 Nf6 5. O-O b5 6. Bb3 Be7 7. Re1 O-O 8. h3 d6 9. c3 Na5 10. Bc2 c5 11. d4 Qc7 12. Nbd2 Bd7 13. d5 c4 14. Nf1 Nb7 15. Ng3 a5 16. Nh2 Nc5 17. f4 b4 18. fxe5 dxe5 19. Rf1 b3 20. axb3 cxb3 21. Bb1 a4 22. Bg5 Ra6 23. Nf3 h6 24. Be3 Bb5 25. Rf2 Ncd7 26. Nf5 Bc5 27. Qd2 Bxe3 28. Qxe3 Qb6 29. Qd2 Nc5 30. Ng3 Rfa8 31. Nxe5 a3 32. Rxa3 Rxa3 33. bxa3 Rxa3 34. Kh2 Ra1 35. Qb2 Na4 36. Qxa1 Qxf2 37. c4 Be8 38. d6 Nc5 39. Qa8 Kh7 40. Ng4 Nxg4+ 41. hxg4 Bd7 42. e5+ g6 43. Qd5 Bxg4 44. Nh1 Qh4+ 45. Kg1 Qe1+ 46. Kh2 Be6 47. Qxc5 Qxb1 48. Qf2 Qe4 49. d7 Qxe5+ 50. Ng3 Bxd7 51. Qxf7+ Qg7 52. Qf1 b2 53. Ne4 Bf5 54. Nd2 Qd4 55. Qe1 Qf4+ 56. Kh1 Qd6 57. Nb1 h5 58. Nc3 Qb4 59. Qd1 b1=Q 60. Nxb1 Qxb1 61. Qxb1 Bxb1 62. Kg1 Be4 63. Kf2 Kh6 64. g3 Kg5 65. Ke3 Bc6 66. Kf2 Kg4 0-1

[Event "FIDE Online Olympiad Div 2 Pool A 2020"]
[Site "Online"]
[Date "2020.08.15"]
[Round "4"]
[White "Priasmoro, Novendra"]
[Black "Fridman, Daniel"]
[Result "1/2-1/2"]
[ECO "C42"]
[WhiteElo "1891"]
[BlackElo "2545"]
[Annotator "broadcasts"]
[PlyCount "122"]
[EventDate "2020.08.14"]
[EventType "team-tourn"]
[TimeControl "900+5"]

1. e4 e5 2. Nf3 Nf6 3. Nxe5 d6 4. Nf3 Nxe4 5. Nc3 Nf6 6. d4 g6 7. Bf4 Bg7 8. Qd2 O-O 9. O-O-O Bg4 10. Be2 Re8 11. h3 Bf5 12. Bh6 d5 13. Bxg7 Kxg7 14. Ne5 c5 15. g4 Bc8 16. Qf4 cxd4 17. Qxd4 Qb6 18. Qxb6 axb6 19. f4 Nc6 20. Bb5 Re6 21. g5 Nh5 22. Nxd5 Rxa2 23. Kb1 Ra5 24. Bxc6 bxc6 25. Nxb6 Nxf4 26. Nec4 Rc5 27. b4 Rxc4 28. Nxc4 Re4 29. Nd6 Rxb4+ 30. Ka1 Be6 31. Ne8+ Kf8 32. Nf6 Nd5 33. Rd3 Nxf6 34. gxf6 Bd5 35. Rb1 Ra4+ 36. Kb2 Rf4 37. c4 Rxc4 38. Ka3 Ke8 39. Rb7 Re4 40. Rd2 Re3+ 41. Ka4 Re4+ 42. Ka5 Re1 43. Rdb2 Ra1+ 44. Kb6 Kd8 45. Kc5 Rd1 46. Re2 Kc8 47. Ra7 Kb8 48. Rd7 Kc8 49. Ree7 g5 50. Rc7+ Kb8 51. Rb7+ Kc8 52. Ra7 Kb8 53. Reb7+ Kc8 54. Kd6 Be6+ 55. Ke7 h5 56. Rc7+ Kb8 57. Rab7+ Ka8 58. Ra7+ Kb8 59. Rcb7+ Kc8 60. Ke8 Rd8+ 61. Ke7 Rd1 1/2-1/2

[Event "FIDE Online Olympiad Div 2 Pool A 2020"]
[Site "Online"]
[Date "2020.08.15"]
[Round "4"]
[White "Arfan, Aditya Bagus"]
[Black "Vogel, Roven"]
[Result "0-1"]
[ECO "A14"]
[WhiteElo "1779"]
[BlackElo "2107"]
[Annotator "broadcasts"]
[PlyCount "134"]
[EventDate "2020.08.14"]
[EventType "team-tourn"]
[TimeControl "900+5"]

1. Nf3 Nf6 2. c4 e6 3. g3 d5 4. Bg2 Be7 5. O-O O-O 6. b3 c5 7. Bb2 Nc6 8. e3 d4 9. exd4 cxd4 10. Re1 Re8 11. Ne5 Nxe5 12. Rxe5 Nd7 13. Re1 e5 14. d3 Bb4 15. Rf1 Nf6 16. a3 Bf8 17. Nd2 Bf5 18. Bxb7 Bxd3 19. Bxa8 Qxa8 20. Re1 Qc8 21. b4 Qh3 22. Qf3 e4 23. Qg2 Qd7 24. Nb3 Bxc4 25. Nxd4 Bd5 26. Qf1 Rb8 27. Nc2 Ng4 28. h3 Nh6 29. Ne3 Be6 30. Red1 Qb7 31. Be5 Re8 32. Bf4 Nf5 33. Nxf5 Bxf5 34. Be3 h5 35. Rac1 Qe7 36. Kh2 h4 37. Qb5 Bg6 38. Rd7 hxg3+ 39. fxg3 Qf6 40. Rf1 Qc3 41. Qe2 Qxa3 42. Rxa7 Qxb4 43. Raa1 Rc8 44. Rac1 Rd8 45. Rfd1 Rd3 46. Rxd3 exd3 47. Qd2 Qb7 48. Bc5 Bxc5 49. Rxc5 Qf3 50. Rc8+ Kh7 51. Qf4 Qe2+ 52. Kg1 Qe1+ 53. Kh2 Qe2+ 54. Kg1 d2 55. Qh4+ Bh5 56. Rd8 Qe1+ 57. Kh2 Qe2+ 58. Kg1 d1=Q+ 59. Rxd1 Qxd1+ 60. Kf2 Kg8 61. g4 Bg6 62. Qe7 Qd4+ 63. Kg3 Qd3+ 64. Kh4 f6 65. Qe6+ Kh7 66. Qc8 Be4 67. Qc7 Bg2 0-1

[Event "FIDE Online Olympiad Div 2 Pool A 2020"]
[Site "Online"]
[Date "2020.08.15"]
[Round "5"]
[White "Svane, Rasmus"]
[Black "Maznitsin, Andrei"]
[Result "1-0"]
[ECO "D78"]
[WhiteElo "2527"]
[BlackElo "776"]
[Annotator "broadcasts"]
[PlyCount "99"]
[EventDate "2020.08.14"]
[EventType "team-tourn"]
[TimeControl "900+5"]

1. Nf3 Nf6 2. g3 d5 3. Bg2 g6 4. c4 c6 5. b3 Bg7 6. Bb2 O-O 7. O-O Nbd7 8. d4 Ne4 9. Nc3 Ndf6 10. e3 Nxc3 11. Bxc3 Ne4 12. Bb2 b5 13. cxb5 cxb5 14. Ne5 b4 15. a3 a5 16. Re1 Ba6 17. Nc6 Qc7 18. Rc1 Bb5 19. Nxb4 Qb7 20. Nxd5 Qxd5 21. Rc5 Qb7 22. Bxe4 Qxe4 23. Rxb5 Rfc8 24. Re2 Rc7 25. Rc5 Rb7 26. Rec2 h5 27. Rc8+ Rxc8 28. Rxc8+ Kh7 29. h4 Qd5 30. Rc5 Qxb3 31. Qxb3 Rxb3 32. Bc1 a4 33. Rc4 Rb1 34. Kg2 e6 35. Bd2 Bf8 36. Rxa4 Ra1 37. Ra8 Bd6 38. a4 Ra2 39. Rd8 Bxg3 40. Kxg3 Rxd2 41. a5 Ra2 42. Ra8 Kg7 43. a6 Kf6 44. e4 Ra4 45. a7 Ra2 46. d5 exd5 47. exd5 Ke7 48. d6+ Kd7 49. Rf8 Rxa7 50. Rxf7+ 1-0